BSA
KANSAS CITY KINGS @ PORTLAND CARDS
05/14/2025
 
TOP OF THE 1ST
Kansas City Kings batting - Pitching for Portland Cards : RHP Manuel Fuentes
Pitching: RHP Manuel Fuentes
Batting: RHB Mitsuoki Taguchi 0-0: Ball
1-0: Ball
2-0: Ball
3-0: Called Strike
3-1: Fly out, F7 (Flyball, 7D)
Batting: LHB Marc Nichols 0-0: Ball
1-0: Foul Ball, location: 2F
1-1: Foul Ball, location: 2F
1-2: Strikes out looking
Batting: LHB Pablo Reyes 0-0: Ball
1-0: Foul Ball, location: 2F
1-1: SINGLE (Line Drive, 7S)
Batting: RHB Toshimichi Kono 0-0: Foul Ball, location: 2F
0-1: Foul Ball, location: 2F
0-2: Ball
1-2: Foul Ball, location: 2F
1-2: SINGLE (Line Drive, 6MD)
Pablo Reyes to second
Batting: RHB Alonso Ramos 0-0: Called Strike
0-1: Foul Ball, location: 2F
0-2: Strikes out swinging
Top of the 1st over - 0 run(s), 2 hit(s), 0 error(s), 2 left on base; Kansas City 0 - Portland 0
BOTTOM OF THE 1ST
Portland Cards batting - Pitching for Kansas City Kings : RHP Ron Young
Pitching: RHP Ron Young
Batting: RHB Dani Vázquez 0-0: Ball
1-0: Ball
2-0: Foul Ball, location: 2F
2-1: Ball
3-1: TRIPLE (Flyball, 9D)
Batting: LHB Paul Mullins 0-0: Ball
1-0: Ball
2-0: Foul Ball, location: 2F
2-1: Swinging Strike
2-2: Foul Ball, location: 2F
2-2: SINGLE (Groundball, 5D)
Dani Vázquez scores
Batting: SHB José Alomar 0-0: SINGLE (Flyball, 7S)
Paul Mullins to second
Batting: LHB Tom Blake 0-0: Ball
1-0: Ball
2-0: Ball
3-0: Called Strike
3-1: Fly out, F4 (Line Drive, 4)
3-1: Lined into DP, 4-6 (Line Drive, 4)
Batting: RHB Paco Arellano 0-0: Ball
1-0: Ball
2-0: Ground out 3-1 (Groundball, 34)
Bottom of the 1st over - 1 run(s), 3 hit(s), 0 error(s), 1 left on base; Kansas City 0 - Portland 1
TOP OF THE 2ND
Kansas City Kings batting - Pitching for Portland Cards : RHP Manuel Fuentes
Batting: RHB Chris Chandler 0-0: Swinging Strike
0-1: Fly out, F8 (Flyball, 8RD)
Batting: RHB Steve Brown 0-0: Called Strike
0-1: Foul Ball, location: 2F
0-2: Foul Ball, location: 2F
0-2: Strikes out swinging
Batting: RHB Adrian Prouse 0-0: Called Strike
0-1: Called Strike
0-2: Ball
1-2: Strikes out swinging
Top of the 2nd over - 0 run(s), 0 hit(s), 0 error(s), 0 left on base; Kansas City 0 - Portland 1
BOTTOM OF THE 2ND
Portland Cards batting - Pitching for Kansas City Kings : RHP Ron Young
Batting: LHB Keith Beard 0-0: Ball
1-0: Swinging Strike
1-1: SINGLE (Line Drive, 8LS)
Batting: RHB Aaron Scott 0-0: 2-RUN HOME RUN (Flyball, 78XD), Distance : 369 ft
Batting: RHB Claudio Guerra 0-0: Ball
1-0: Called Strike
1-1: Fly out, F4 (Popup, 3D)
Batting: RHB Bartolo Quiñones 0-0: Called Strike
0-1: Foul Ball, location: 2F
0-2: Ball
1-2: Ball
2-2: Ball
3-2: SINGLE (Flyball, 9S)
Batting: RHB Dani Vázquez 0-0: Ball
1-0: Foul Ball, location: 2F
1-1: Fly out, F9 (Line Drive, 9M)
Batting: LHB Paul Mullins 0-0: Foul Ball, location: 2F
0-1: Foul Ball, location: 2F
0-2: Ball
1-2: SINGLE (Groundball, 34D)
Bartolo Quiñones to second
Runner from 2nd tries for 3rd, SAFE, no throw or cutoff
Batting: SHB José Alomar 0-0: Ball
1-0: Ball
2-0: Ball
3-0: Called Strike
3-1: Base on Balls
Paul Mullins to second
Batting: LHB Tom Blake 0-0: Swinging Strike
0-1: Swinging Strike
0-2: Strikes out looking
Bottom of the 2nd over - 2 run(s), 4 hit(s), 0 error(s), 3 left on base; Kansas City 0 - Portland 3
TOP OF THE 3RD
Kansas City Kings batting - Pitching for Portland Cards : RHP Manuel Fuentes
Batting: SHB Orlando Aguilar 0-0: Ball
1-0: Ground out U3 (Groundball, 3S)
Batting: RHB Mitsuoki Taguchi 0-0: Ball
1-0: Called Strike
1-1: Swinging Strike
1-2: Strikes out swinging
Batting: LHB Marc Nichols 0-0: Ball
1-0: Ground out 4-3 (Groundball, 4)
Top of the 3rd over - 0 run(s), 0 hit(s), 0 error(s), 0 left on base; Kansas City 0 - Portland 3
BOTTOM OF THE 3RD
Portland Cards batting - Pitching for Kansas City Kings : RHP Ron Young
Batting: RHB Paco Arellano 0-0: Called Strike
0-1: Fly out, F8 (Flyball, 8LM)
Batting: LHB Keith Beard 0-0: Swinging Strike
0-1: Ball
1-1: Ball
2-1: Ball
3-1: Base on Balls
Batting: RHB Aaron Scott 0-0: Ball
Pickoff Throw to First - Out!
1-0: Ball
2-0: Ball
3-0: Called Strike
3-1: Fly out, F7 (Flyball, 7D)
Bottom of the 3rd over - 0 run(s), 0 hit(s), 0 error(s), 0 left on base; Kansas City 0 - Portland 3
TOP OF THE 4TH
Kansas City Kings batting - Pitching for Portland Cards : RHP Manuel Fuentes
Batting: LHB Pablo Reyes 0-0: Called Strike
0-1: Ball
1-1: Foul Ball, location: 2F
1-2: Foul Ball, location: 2F
1-2: Foul Ball, location: 2F
1-2: Foul Ball, location: 2F
1-2: Strikes out swinging
Batting: RHB Toshimichi Kono 0-0: Called Strike
0-1: Fly out, F8 (Flyball, 8LXD)
Batting: RHB Alonso Ramos 0-0: Swinging Strike
0-1: Ball
1-1: Foul Ball, location: 2F
1-2: Foul Ball, location: 2F
1-2: Ball
2-2: Ball
3-2: Foul Ball, location: 2F
3-2: Base on Balls
Batting: RHB Chris Chandler 0-0: Called Strike
0-1: Called Strike
Alonso Ramos steals 2nd base
0-2: Ball
1-2: Ball
2-2: Ground out 6-3 (Groundball, 6M)
Top of the 4th over - 0 run(s), 0 hit(s), 0 error(s), 1 left on base; Kansas City 0 - Portland 3
BOTTOM OF THE 4TH
Portland Cards batting - Pitching for Kansas City Kings : RHP Ron Young
Batting: RHB Claudio Guerra 0-0: Called Strike
0-1: Foul Ball, location: 2F
0-2: Reaches on Catchers interference
Batting: RHB Bartolo Quiñones 0-0: Foul Ball, location: 2F
0-1: Ball
1-1: Hit by Pitch
Claudio Guerra to second
Batting: RHB Dani Vázquez 0-0: Ball
1-0: Ball
2-0: Ball
3-0: Base on Balls
Claudio Guerra to third
Bartolo Quiñones to second
Batting: LHB Paul Mullins 0-0: SINGLE (Line Drive, 7S)
Claudio Guerra scores
Bartolo Quiñones to third
Dani Vázquez to second
Batting: SHB José Alomar 0-0: Foul Ball, location: 2F
0-1: GRAND SLAM HOME RUN (Flyball, 9LD), Distance : 322 ft
Pitching: LHP Zi-jun Chou
Batting: LHB Tom Blake 0-0: Called Strike
0-1: Ball
1-1: Foul Ball, location: 2F
1-2: SINGLE (Groundball, 34D)
Batting: RHB Paco Arellano 0-0: Ball
1-0: Ball
2-0: SINGLE (Line Drive, 5D)
Tom Blake to second
Batting: LHB Keith Beard 0-0: Ball
1-0: Foul Ball, location: 2F
1-1: Called Strike
1-2: Ball
2-2: SINGLE (Line Drive, 4)
Tom Blake to third
Paco Arellano to second
Runner from 3rd tries for Home, SAFE, throw made home
Batting: RHB Aaron Scott 0-0: Ball
Wild Pitch!
Paco Arellano to third
Keith Beard to second
1-0: Foul Ball, location: 2F
1-1: Called Strike
1-2: Ball
2-2: 3-RUN HOME RUN (Line Drive, 7D), Distance : 373 ft
Pitching: RHP Diego Solís
Batting: RHB Claudio Guerra 0-0: Ground out 6-3 (Groundball, 6)
Batting: RHB Bartolo Quiñones 0-0: Ground out 5-3 (Groundball, 5)
Batting: RHB Dani Vázquez 0-0: Foul Ball, location: 2F
0-1: Ball
1-1: Foul Ball, location: 2F
1-2: SINGLE (Line Drive, 7S)
Batting: LHB Paul Mullins 0-0: SINGLE (Line Drive, 8LS)
Dani Vázquez to second
Batting: SHB José Alomar 0-0: Swinging Strike
0-1: Foul Ball, location: 2F
0-2: Foul Ball, location: 2F
0-2: Foul Ball, location: 2F
0-2: Ball
1-2: Ball
2-2: Ball
3-2: Foul Ball, location: 2F
3-2: 3-RUN HOME RUN (Flyball, 89XD), Distance : 362 ft
Batting: LHB Tom Blake 0-0: Ball
1-0: Swinging Strike
1-1: Ball
2-1: Called Strike
2-2: Ball
3-2: Base on Balls
Batting: RHB Paco Arellano 0-0: Ball
Tom Blake is caught stealing 2nd base
Bottom of the 4th over - 12 run(s), 9 hit(s), 1 error(s), 0 left on base; Kansas City 0 - Portland 15
TOP OF THE 5TH
Kansas City Kings batting - Pitching for Portland Cards : RHP Manuel Fuentes
Batting: RHB Steve Brown 0-0: Ground out 4-3 (Groundball, 4M)
Batting: RHB Adrian Prouse 0-0: Called Strike
0-1: Fly out, F8 (Flyball, 8RXD)
Batting: SHB Orlando Aguilar 0-0: Foul Ball, location: 2F
0-1: Called Strike
0-2: Foul Ball, location: 2F
0-2: Ball
1-2: Fly out, F7 (Flyball, 7D)
Top of the 5th over - 0 run(s), 0 hit(s), 0 error(s), 0 left on base; Kansas City 0 - Portland 15
BOTTOM OF THE 5TH
Portland Cards batting - Pitching for Kansas City Kings : RHP Diego Solís
Batting: RHB Paco Arellano 0-0: Ball
1-0: Ground out 5-3 (Groundball, 15S)
Batting: LHB Keith Beard 0-0: Called Strike
0-1: Ground out U3 (Groundball, 3L)
Batting: RHB Aaron Scott 0-0: Called Strike
0-1: Ball
1-1: Ground out 5-3 (Groundball, 5)
Bottom of the 5th over - 0 run(s), 0 hit(s), 0 error(s), 0 left on base; Kansas City 0 - Portland 15
TOP OF THE 6TH
Kansas City Kings batting - Pitching for Portland Cards : RHP Manuel Fuentes
Batting: RHB Mitsuoki Taguchi 0-0: Swinging Strike
0-1: Ball
1-1: Foul Ball, location: 2F
1-2: Foul Ball, location: 2F
1-2: Strikes out looking
Pinch Hitting: RHB Domingo Ávila 0-0: Ball
1-0: Ball
2-0: Foul Ball, location: 2F
2-1: Fly out, F9 (Flyball, 89S)
Batting: LHB Pablo Reyes 0-0: Ball
1-0: Ground out 4-3 (Groundball, 4M)
Top of the 6th over - 0 run(s), 0 hit(s), 0 error(s), 0 left on base; Kansas City 0 - Portland 15
BOTTOM OF THE 6TH
Portland Cards batting - Pitching for Kansas City Kings : RHP Diego Solís
Pitching: LHP Leonardo Rodríguez
Now in RF: Domingo Ávila
Batting: RHB Claudio Guerra 0-0: Called Strike
0-1: Ball
1-1: SOLO HOME RUN (Flyball, 7D), Distance : 367 ft
Batting: RHB Bartolo Quiñones 0-0: Ball
1-0: Ball
2-0: DOUBLE (Line Drive, 7LS)
Batting: RHB Dani Vázquez 0-0: Ball
1-0: SINGLE (Line Drive, 6MD)
Bartolo Quiñones to third
Batting: LHB Paul Mullins 0-0: Ball
1-0: Ball
2-0: Called Strike
Dani Vázquez is caught stealing 2nd base
2-1: Foul Ball, location: 2F
2-2: Fly out, F8 (Flyball, 8LM)
Batting: SHB José Alomar 0-0: Called Strike
0-1: Ball
1-1: Ball
2-1: Foul Ball, location: 2F
2-2: Foul Ball, location: 2F
2-2: Strikes out swinging
Bottom of the 6th over - 1 run(s), 3 hit(s), 0 error(s), 1 left on base; Kansas City 0 - Portland 16
TOP OF THE 7TH
Kansas City Kings batting - Pitching for Portland Cards : RHP Manuel Fuentes
Batting: RHB Toshimichi Kono 0-0: Ball
1-0: Called Strike
1-1: Called Strike
1-2: Ground out 6-3 (Groundball, 6M)
Batting: RHB Alonso Ramos 0-0: Called Strike
0-1: Called Strike
0-2: Ball
1-2: Strikes out swinging
Batting: RHB Chris Chandler 0-0: Ball
1-0: Foul Ball, location: 2F
1-1: Ball
2-1: Ball
3-1: Ground out 6-3 (Groundball, 6)
Top of the 7th over - 0 run(s), 0 hit(s), 0 error(s), 0 left on base; Kansas City 0 - Portland 16
BOTTOM OF THE 7TH
Portland Cards batting - Pitching for Kansas City Kings : LHP Leonardo Rodríguez
Batting: LHB Tom Blake 0-0: Called Strike
0-1: Foul Ball, location: 2F
0-2: Ball
1-2: Ball
2-2: Foul Ball, location: 2F
2-2: Ball
3-2: Foul Ball, location: 2F
3-2: Foul Ball, location: 2F
3-2: SINGLE (Line Drive, 7S)
Batting: RHB Paco Arellano 0-0: Ball
1-0: Swinging Strike
1-1: Foul Ball, location: 2F
1-2: Ball
2-2: Ball
3-2: SINGLE (Flyball, 9LM)
Tom Blake to second
Runner from 2nd tries for 3rd, SAFE, no throw or cutoff
Batting: LHB Keith Beard 0-0: Called Strike
0-1: Ball
1-1: Fielders Choice at 2nd, 1-6 (Groundball, 13S)
Batting: RHB Aaron Scott 0-0: Ball
1-0: Ball
2-0: Ball
3-0: Called Strike
3-1: Base on Balls
Keith Beard to second
Pitching: LHP Víctor Soto
Batting: RHB Claudio Guerra 0-0: DOUBLE (Line Drive, 89D)
Tom Blake scores
Keith Beard scores
Aaron Scott to third
Batting: RHB Bartolo Quiñones 0-0: Ball
1-0: Called Strike
1-1: Ball
2-1: DOUBLE (Line Drive, 78M)
Aaron Scott scores
Claudio Guerra scores
Batting: RHB Dani Vázquez 0-0: Ball
1-0: Called Strike
1-1: SINGLE (Line Drive, 8RS)
Bartolo Quiñones to third
Batting: LHB Paul Mullins 0-0: Called Strike
0-1: Ball
1-1: Ball
2-1: Swinging Strike
2-2: Foul Ball, location: 2F
2-2: Ball
3-2: Base on Balls
Dani Vázquez to second
Batting: SHB José Alomar 0-0: Ball
1-0: Ball
2-0: Fly out, F9 (Flyball, 89M)
Batting: LHB Tom Blake 0-0: Ball
1-0: Ball
2-0: Called Strike
2-1: Ball
3-1: Called Strike
3-2: Base on Balls
Bartolo Quiñones scores
Dani Vázquez to third
Paul Mullins to second
Pitching: LHP Raúl Sandoval
Batting: RHB Paco Arellano 0-0: Ground out 5-3 (Groundball, 5S)
Bottom of the 7th over - 5 run(s), 5 hit(s), 0 error(s), 3 left on base; Kansas City 0 - Portland 21
TOP OF THE 8TH
Kansas City Kings batting - Pitching for Portland Cards : RHP Manuel Fuentes
Batting: RHB Steve Brown 0-0: Called Strike
0-1: Ball
1-1: DOUBLE (Line Drive, 7LD)
Batting: RHB Adrian Prouse 0-0: Ball
1-0: Ball
2-0: Called Strike
2-1: Foul Ball, location: 2F
2-2: Foul Ball, location: 2F
2-2: Ball
3-2: Foul Ball, location: 2F
3-2: SINGLE (Groundball, 56)
Steve Brown to third
Batting: SHB Orlando Aguilar 0-0: Fly out, F7 (Line Drive, 7M)
Runner from 3rd tags up, SCORES, throw made
Pitching: RHP César Menéndez
Batting: RHB Mitsuoki Taguchi 0-0: SINGLE (Line Drive, 78S)
Adrian Prouse to second
Batting: RHB Domingo Ávila 0-0: Called Strike
0-1: Foul Ball, location: 2F
0-2: Strikes out looking
Batting: LHB Pablo Reyes 0-0: Called Strike
0-1: Ball
1-1: Foul Ball, location: 2F
1-2: Foul Ball, location: 2F
1-2: Foul Ball, location: 2F
1-2: Strikes out looking
Top of the 8th over - 1 run(s), 3 hit(s), 0 error(s), 2 left on base; Kansas City 1 - Portland 21
BOTTOM OF THE 8TH
Portland Cards batting - Pitching for Kansas City Kings : LHP Raúl Sandoval
Batting: LHB Keith Beard 0-0: Foul Ball, location: 2F
0-1: Foul Ball, location: 2F
0-2: Ball
1-2: SINGLE (Line Drive, 34)
Batting: RHB Aaron Scott 0-0: Ball
1-0: Foul Ball, location: 2F
1-1: Sac Bunt - play at first, batter safe!
Keith Beard to second
Batting: RHB Claudio Guerra 0-0: Ball
1-0: Sac Bunt - play at first, batter OUT! 1-3
Keith Beard to third
Aaron Scott to second
Batting: RHB Bartolo Quiñones 0-0: Foul Ball, location: 2F
0-1: Ball
1-1: Ball
2-1: Ground out 5-3 (Groundball, 56S)
Keith Beard scores
Aaron Scott to third
Batting: RHB Dani Vázquez 0-0: Swinging Strike
0-1: Ball
1-1: Ball
2-1: Ball
3-1: Foul Ball, location: 2F
3-2: Base on Balls
Batting: LHB Paul Mullins 0-0: Ball
1-0: Called Strike
1-1: Ball
2-1: Ground out U3 (Groundball, 3)
Bottom of the 8th over - 1 run(s), 2 hit(s), 0 error(s), 2 left on base; Kansas City 1 - Portland 22
TOP OF THE 9TH
Kansas City Kings batting - Pitching for Portland Cards : RHP César Menéndez
Batting: RHB Toshimichi Kono 0-0: Called Strike
0-1: Ball
1-1: Swinging Strike
1-2: Strikes out swinging
Batting: RHB Alonso Ramos 0-0: Called Strike
0-1: Fly out, F9 (Flyball, 89S)
Batting: RHB Chris Chandler 0-0: Ball
1-0: Ball
2-0: Ground out 5-3 (Groundball, 5L)
Top of the 9th over - 0 run(s), 0 hit(s), 0 error(s), 0 left on base; Kansas City 1 - Portland 22
This league is powered by Out of the Park Baseball, the baseball management simulation game for PC, Mac and Linux
Tuesday, August 2nd, 2016 - OOTP Baseball 16.8 Build 38